Map: Oxide LE

Players

ByuN - Winner!

  • Race: Terran Terran
  • Spawn Location: 1:00

Solar

  • Race: Zerg Zerg
  • League: Grandmaster
  • Spawn Location: 7:00

Event: ASUS ROG Online 2020

VOD

Have the link to the VOD?

Description

Time

  • Played on: Nov. 29, 2020, 1:47 p.m.
  • Length: 15:43

All games in this series

Show
View Real Time Build Order
Export as new Build Order

ByuN Terran - Winner!

Build Orders: Reaper Expand, Hellion Banshee 

Get SALT Encoding   

  12  0:00  SCV  
  13  0:12  SCV  
  14  0:17  Supply Depot  
  14  0:24  SCV  
  15  0:38  SCV  
  15  0:39  Barracks  
  15  0:42  Refinery  
  16  0:50  SCV  
  17  1:03  SCV  
  18  1:15  SCV  
  19  1:25  Reaper  
  19  1:27  Orbital Command  
  20  1:38  Command Center  
  20  1:47  Supply Depot  
  20  1:52  SCV  
  21  1:57  Marine  
  22  2:02  Factory  
  22  2:05  SCV  
  23  2:10  Refinery  
  23  2:18  SCV  
  23  2:19  Marine  
  25  2:30  SCV  
  26  2:37  Barracks Reactor  
  26  2:42  SCV  
  27  2:46  Hellion  
  27  2:48  Starport  
  27  2:51  Orbital Command  
  29  2:54  SCV  
  29  3:16  SCV  
  29  3:18  Hellion x2, SCV  
  35  3:22  Marine  
  35  3:24  Medivac  
  38  3:27  Armory  
  38  3:29  SCV  
  38  3:30  SCV  
  38  3:32  Supply Depot  
  40  3:39  Marine  
  40  3:40  Hellion x2  
  45  3:45  SCV  
  46  3:50  Supply Depot  
  46  3:56  SCV  
  46  3:57  SCV  
  46  3:58  Starport Tech Lab  
  46  4:02  Hellion x2  
  52  4:09  SCV x2  
  54  4:12  Supply Depot  
  54  4:16  Banshee  
  57  4:21  SCV x2  
  59  4:26  Hellion  
  61  4:33  SCV  
  61  4:34  Hellion, SCV  
  65  4:42  Command Center  
  65  4:48  Supply Depot, Barracks Tech Lab, SCV  
  66  5:01  Barracks  
  66  5:02  Factory Reactor  
  66  5:03  Barracks, SCV x2  
  66  5:06  Marine  
  69  5:10  Supply Depot  
  69  5:15  SCV  
  69  5:16  SCV  
  71  5:24  Marine  
  71  5:27  Stimpack  
  71  5:28  SCV  
  67  5:32  Starport Reactor, SCV  
  67  5:33  Refinery  
  67  5:34  Refinery  
  68  5:36  Engineering Bay  
  68  5:39  Engineering Bay  
  68  5:40  SCV  
  68  5:42  Marine  
  70  5:47  SCV  
  71  5:52  Barracks, SCV  
  71  5:54  Factory Reactor  
  71  5:55  Orbital Command, Marine x2  
  74  5:59  SCV  
  74  6:00  Marine  
  76  6:04  Terran Infantry Armor Level 1, Terran Infantry Weapons Level 1  
  76  6:05  SCV  
  77  6:13  Marine x2  
  77  6:15  Barracks  
  77  6:17  Marine  
  77  6:18  SCV x2  
  82  6:24  Orbital Command  
  82  6:30  Marine  
  82  6:31  Marine  
  86  6:33  Supply Depot x2, Medivac x2, Widow Mine x2  
  86  6:35  SCV x2, Marine  
  95  6:40  Marine  
  95  6:41  Barracks Reactor  
  96  6:47  SCV x2  
  96  6:48  Marine x2  
  96  6:51  SCV  
  101  6:54  Marine x2  
  101  6:58  Marine  
  101  6:59  SCV  
  101  7:00  Supply Depot, SCV  
  101  7:01  Supply Depot  
  106  7:02  Barracks Reactor, Supply Depot  
  106  7:03  SCV  
  106  7:06  Marine x2  
  109  7:12  Factory, Marauder, Refinery, SCV x2  
  109  7:14  Marine  
  109  7:15  SCV  
  115  7:16  Marine  
  115  7:17  Combat Shield, Marine  
  115  7:22  Widow Mine  
  119  7:24  Marine x2  
  119  7:25  Supply Depot  
  119  7:26  Supply Depot  
  119  7:28  SCV  
  119  7:29  SCV x2  
  124  7:34  Marauder, Marine x2  
  124  7:35  Marine x2  
  130  7:41  Medivac  
  130  7:42  Medivac, Marine  
  130  7:43  Marine x3  
  138  7:48  SCV  
  138  7:49  Supply Depot, SCV x2  
  141  7:51  Supply Depot  
  141  7:52  Supply Depot  
  141  7:55  Marauder  
  141  7:56  Factory Tech Lab, Missile Turret  
  143  7:59  Missile Turret  
  143  8:00  SCV  
  143  8:01  SCV  
  143  8:05  Widow Mine x2  
  146  8:08  Marine x5  
  146  8:09  Marine  
  153  8:13  Terran Infantry Armor Level 2  
  153  8:15  Terran Infantry Weapons Level 2  
  153  8:17  Missile Turret, Marauder  
  154  8:23  Widow Mine  
  154  8:26  Widow Mine  
  158  8:30  Marine x4  
  158  8:31  Marine x3  
  158  8:32  Marine  
  166  8:35  Widow Mine  
  166  8:38  Marauder  
  166  8:40  Concussive Shells  
  166  8:41  Drilling Claws  
  166  8:44  Thor  
  169  8:57  Command Center  
  169  8:59  Marauder  
  169  9:00  Marine x3  
  169  9:01  Widow Mine x2  
  157  9:04  Medivac x2  
  161  9:10  Sensor Tower  
  161  9:12  Marine  
  161  9:13  Marine x3  
  161  9:14  Marine  
  166  9:18  Marine  
  166  9:21  Marauder  
  166  9:23  Widow Mine x2  
  173  9:29  Thor  
  173  9:30  Missile Turret  
  178  9:33  Marine  
  178  9:34  Medivac, Marine  
  178  9:35  Marine  
  181  9:39  Marine  
  181  9:43  Supply Depot  
  181  9:44  Supply Depot  
  180  9:46  Barracks Reactor  
  180  9:49  Medivac  
  180  9:50  Barracks Reactor  
  180  9:54  Barracks  
  180  9:56  Missile Turret  
  180  9:57  Barracks  
  180  9:58  Barracks  
  180  10:05  Widow Mine  
  180  10:06  Marauder, Marine x4  
  188  10:09  Widow Mine  
  188  10:12  Widow Mine  
  188  10:13  Terran Vehicle And Ship Armor Level 1  
  190  10:24  Marine x3  
  190  10:26  Widow Mine  
  190  10:28  Marauder, Marine x3  
  200  10:30  Missile Turret  
  200  10:35  Missile Turret  
  197  10:43  Missile Turret, Marine x2  
  197  10:44  Missile Turret, Marine  
  197  10:48  Missile Turret  
  194  10:51  Marine x3  
  194  10:52  Marauder, Marine x2  
  199  10:59  Planetary Fortress  
  199  11:02  Widow Mine  
  181  11:05  Marine  
  181  11:07  Widow Mine  
  181  11:08  Widow Mine, Marine x2  
  181  11:13  Marine  
  181  11:14  Marine x4  
  181  11:16  Barracks Tech Lab x3  
  181  11:17  Terran Infantry Weapons Level 3  
  181  11:18  Terran Infantry Armor Level 3  
  186  11:30  Marauder, Marine x3  
  186  11:31  Marine x2  
  186  11:32  Marine  
  193  11:33  Widow Mine x2  
  197  11:46  Marauder  
  197  11:56  Marauder x2  
  199  12:02  Marine x6  
  199  12:04  Widow Mine  
  199  12:06  Widow Mine x2  
  199  12:08  Marauder x2  
  178  12:10  Marine x2  
  178  12:11  Medivac  
  178  12:12  Medivac  
  184  12:17  Marauder x2, SCV x3  
  184  12:20  Marine  
  192  12:25  Widow Mine  
  192  12:28  Widow Mine x2  
  185  12:32  Marauder x2  
  185  12:33  Marine  
  185  12:34  Marine  
  186  12:41  Medivac  
  186  12:42  Medivac  
  181  12:46  Widow Mine, Marine  
  181  12:47  Marine x5  
  181  12:48  Marauder x2  
  181  12:49  Thor, Widow Mine  
  189  12:51  Marine  
  189  12:52  Marine  
  189  12:53  Marine x2  
  190  13:04  Marine  
  190  13:05  Marine x5  
  196  13:08  Widow Mine  
  196  13:09  Marine x3  
  196  13:10  Widow Mine  
  199  13:15  Marine  
  199  13:16  Marine  
  199  13:17  Marine  
  170  13:22  Marine x6  
  170  13:27  Marauder, Marine x2  
  166  13:29  Widow Mine  
  166  13:32  Medivac x2, Widow Mine x2  
  175  13:36  Marine  
  175  13:37  Marine  
  175  13:38  Marine  
  172  13:45  Marauder  
  173  13:50  Marauder  
  173  13:51  Widow Mine  
  173  13:53  Widow Mine  
  173  13:54  Widow Mine  
  173  13:55  Marauder  
  179  14:03  Marauder  
  179  14:06  Marauder  
  183  14:11  Marauder  
  183  14:12  Widow Mine  
  183  14:15  Widow Mine x2, Marine  
  183  14:16  Marauder  
  194  14:18  Orbital Command  
  191  14:24  Marauder  
  191  14:25  Marine  
  191  14:28  Marauder  
  191  14:33  Marauder, Widow Mine  
  191  14:36  Widow Mine x2, Marine  
  191  14:38  Marauder  
  183  14:46  Marauder  
  183  14:49  Marauder  
  183  14:51  Marine x4  
  185  14:54  Marauder  
  185  14:55  Widow Mine  
  185  14:57  Widow Mine  
  185  14:58  Widow Mine  
  193  15:03  Marauder  
  192  15:07  Marauder  
  192  15:11  Marauder  
  196  15:15  Marauder  
  196  15:16  Widow Mine  
  199  15:24  Marine x4  
Show
View Real Time Build Order
Export as new Build Order

Solar Zerg 

Build Orders: Hatch First, Muta Ling Bane 

Get SALT Encoding   

  12  0:00  Drone  
  13  0:13  Overlord  
  13  0:18  Drone  
  14  0:31  Drone x2  
  16  0:46  Hatchery  
  15  0:50  Drone  
  15  0:53  Drone  
  15  0:56  Drone  
  18  1:07  Extractor  
  17  1:12  Spawning Pool  
  17  1:15  Drone  
  17  1:18  Drone  
  18  1:28  Drone  
  19  1:39  Drone  
  20  1:51  Drone  
  21  1:58  Queen x2  
  21  1:59  Zergling x2  
  26  2:02  Overlord  
  26  2:09  Zergling x2  
  26  2:11  Zergling x2  
  28  2:18  Extractor  
  28  2:21  Drone  
  28  2:24  Drone  
  28  2:28  Metabolic Boost  
  29  2:34  Queen, Drone  
  32  2:37  Overlord  
  32  2:38  Extractor  
  32  2:41  Drone  
  32  2:43  Drone  
  34  2:58  Drone x2  
  34  2:59  Hatchery  
  35  3:06  Drone x4  
  35  3:12  Queen  
  41  3:15  Overlord  
  41  3:18  Drone  
  42  3:20  Drone  
  42  3:23  Overlord  
  43  3:36  Drone x2  
  43  3:37  Drone x2  
  43  3:38  Drone x2  
  49  3:45  Queen  
  49  3:47  Zergling x10  
  56  3:52  Queen  
  56  3:58  Zergling x4  
  56  4:00  Spore Crawler  
  57  4:04  Spine Crawler  
  57  4:05  Overlord  
  57  4:07  Zergling x2  
  57  4:11  Zergling x2  
  57  4:13  Queen  
  57  4:15  Zergling x4  
  62  4:19  Drone  
  62  4:21  Zergling x4  
  65  4:25  Overlord, Drone  
  65  4:26  Drone  
  65  4:29  Drone  
  67  4:32  Drone x2  
  67  4:35  Drone  
  70  4:38  Spore Crawler  
  70  4:44  Extractor, Drone  
  70  4:45  Evolution Chamber  
  68  4:46  Evolution Chamber  
  68  4:48  Zergling x2  
  68  4:49  Zergling x2  
  69  4:55  Lair, Drone x4  
  69  4:59  Baneling Nest, Drone x2  
  76  5:01  Extractor  
  76  5:02  Overlord  
  75  5:07  Drone x2  
  75  5:11  Spore Crawler, Drone x2  
  75  5:12  Drone  
  75  5:13  Drone  
  80  5:15  Drone  
  80  5:20  Drone  
  82  5:22  Drone x3  
  82  5:25  Drone  
  82  5:26  Drone  
  82  5:27  Drone  
  87  5:31  Drone x2  
  89  5:36  Spore Crawler  
  89  5:38  Extractor x2  
  89  5:41  Drone  
  87  5:43  Overlord, Baneling x2  
  87  5:46  Drone  
  87  5:47  Drone x2  
  87  5:48  Overlord  
  87  5:49  Overlord  
  90  5:50  Overlord  
  90  5:55  Overlord  
  88  5:58  Overseer  
  88  6:04  Spire, Drone x3  
  88  6:07  Drone x2  
  88  6:08  Baneling  
  88  6:09  Extractor, Drone  
  92  6:12  Centrifical Hooks  
  92  6:13  Drone  
  92  6:14  Drone  
  92  6:16  Drone  
  95  6:19  Evolution Chamber  
  95  6:20  Drone, Evolution Chamber  
  95  6:21  Drone  
  95  6:22  Drone  
  96  6:27  Overlord  
  96  6:30  Overlord  
  96  6:38  Baneling  
  96  6:39  Baneling x5  
  96  6:41  Zergling x2  
  96  6:42  Zergling x6  
  96  6:44  Zergling x4  
  102  6:47  Zergling x6  
  102  6:49  Hatchery  
  102  6:50  Zergling x2  
  102  6:51  Zergling x4  
  102  6:52  Zergling x2  
  108  6:55  Zergling x4  
  108  6:58  Zergling x2  
  111  7:01  Overlord x2  
  111  7:18  Mutalisk x6  
  111  7:21  Zerg Ground Armor Level 1, Zerg Melee Weapons Level 1  
  111  7:22  Baneling x3  
  122  7:26  Mutalisk  
  122  7:27  Mutalisk  
  122  7:29  Zergling x8  
  128  7:31  Overlord  
  128  7:33  Mutalisk  
  128  7:36  Zergling x6  
  132  7:40  Mutalisk  
  134  7:46  Zerg Flyer Weapons Level 1  
  134  7:49  Baneling x2  
  134  7:50  Zergling x12  
  140  7:52  Overlord  
  140  7:56  Overlord  
  140  8:03  Zergling x2  
  140  8:04  Zergling x4  
  139  8:08  Zergling x2  
  140  8:13  Drone  
  140  8:16  Drone x3  
  140  8:18  Zergling x4  
  140  8:19  Zergling x14  
  153  8:24  Drone  
  153  8:25  Drone  
  154  8:30  Mutalisk x2  
  154  8:32  Drone  
  154  8:34  Overlord, Extractor  
  156  8:42  Mutalisk x2  
  156  8:45  Zergling x6  
  165  8:48  Drone x4  
  165  8:50  Zergling x2  
  165  8:51  Overlord  
  165  8:53  Baneling x7  
  165  8:54  Overlord  
  168  9:00  Zergling x2  
  168  9:01  Zergling x6  
  151  9:03  Baneling x7  
  151  9:07  Zergling x8  
  151  9:09  Overlord  
  155  9:12  Zergling x8, Baneling x3  
  155  9:15  Zerg Ground Armor Level 2  
  155  9:16  Zerg Melee Weapons Level 2  
  159  9:18  Zergling x2  
  159  9:20  Baneling x5  
  160  9:24  Drone, Mutalisk x2  
  160  9:28  Drone  
  160  9:29  Baneling  
  160  9:30  Baneling x2  
  160  9:31  Zergling x2  
  167  9:35  Zergling x10  
  167  9:37  Zergling x10, Hatchery  
  176  9:39  Zergling x4  
  175  9:46  Infestation Pit  
  175  9:48  Pneumatized Carapace  
  174  9:53  Drone x7  
  174  9:59  Extractor  
  178  10:01  Overseer  
  178  10:02  Overseer  
  178  10:03  Mutalisk x4  
  184  10:08  Zergling x8  
  184  10:09  Zergling x2  
  184  10:10  Zergling x8  
  193  10:14  Hatchery  
  193  10:17  Zergling x12  
  196  10:23  Hive  
  196  10:28  Drone x2  
  198  10:29  Drone x2  
  198  10:32  Baneling x5  
  200  10:36  Baneling  
  200  10:37  Baneling x7  
  193  10:52  Zergling x18  
  193  10:54  Baneling x5  
  199  10:58  Zergling x2  
  172  11:07  Zergling x4  
  172  11:08  Zergling x12  
  171  11:11  Drone  
  171  11:12  Queen  
  171  11:13  Baneling x7  
  171  11:14  Baneling x5  
  171  11:15  Zergling x4  
  176  11:19  Mutalisk x2  
  176  11:20  Hatchery  
  176  11:21  Zerg Flyer Weapons Level 2  
  179  11:26  Zergling x6  
  179  11:29  Mutalisk  
  180  11:33  Drone  
  180  11:35  Drone  
  180  11:37  Baneling  
  180  11:38  Zergling x4  
  184  11:42  Zergling x12  
  184  11:46  Baneling x2  
  190  11:49  Zergling x10  
  192  12:05  Zergling x20  
  184  12:09  Zergling x12  
  184  12:13  Zerg Ground Armor Level 3, Zerg Melee Weapons Level 3  
  184  12:14  Adrenal Glands  
  184  12:15  Zergling x6, Ultralisk Cavern  
  190  12:17  Baneling x11  
  190  12:22  Zergling x10  
  178  12:30  Drone x2  
  178  12:34  Drone  
  167  12:39  Zergling x4  
  167  12:40  Drone  
  154  12:46  Zergling x14  
  154  12:49  Zergling x16  
  165  12:52  Mutalisk  
  165  12:57  Mutalisk x3, Baneling x3  
  173  13:01  Baneling x7  
  173  13:03  Zergling x2, Ultralisk  
  173  13:04  Hatchery  
  178  13:06  Zergling x2  
  178  13:11  Zergling x4, Ultralisk  
  181  13:17  Zergling x8  
  153  13:22  Zergling x6  
  153  13:25  Baneling x10  
  153  13:26  Zergling x14  
  145  13:36  Zergling x10  
  145  13:38  Chitinous Plating  
  145  13:40  Zergling x4  
  144  13:43  Baneling x5  
  144  13:46  Zergling x2, Ultralisk  
  149  13:50  Zergling x2  
  149  13:55  Zergling x12  
  151  13:56  Baneling x2  
  151  14:01  Mutalisk x3  
  155  14:10  Zergling x14  
  155  14:11  Zergling x4  
  155  14:12  Zergling x2  
  157  14:18  Swarm Host, Mutalisk  
  157  14:19  Mutalisk x2  
  157  14:21  Drone  
  157  14:22  Zergling x2  
  161  14:24  Overlord  
  161  14:25  Zergling x4  
  145  14:32  Mutalisk x2  
  145  14:37  Zergling x2  
  145  14:38  Zergling x12  
  140  14:39  Zergling x2  
  140  14:44  Hatchery, Mutalisk x2  
  141  14:49  Zergling x10  
  141  14:51  Baneling x2  
  141  14:52  Baneling  
  146  14:53  Overseer  
  146  14:56  Baneling x5  
  146  14:57  Anabolic Synthesis  
  146  14:59  Zergling x6  
  150  15:05  Baneling x4  
  150  15:06  Zergling x2, Hatchery  
  149  15:09  Baneling x4  
  149  15:11  Zergling x4  
  150  15:15  Baneling x3  
  143  15:23  Zergling x16  
Tags
 
Add a new tag
Caveats
  • Supply blocks, unpowered buildings, or Contaminate may cause inaccurate times.
  • Supply counts are checked every 10 seconds.